 Dungeon Crawl Stone Soup version 0.27-b1-41-gafb5482f4b (webtiles) character file.

Game seed: 9150916386448382420

1316 ZARRMARR the Chopper (level 8, 0/69 HPs)
             Began as a Hill Orc Fighter on July 28, 2021.
             Slain by a killer bee (3 damage)
             ... on level 5 of the Dungeon.
             The game lasted 00:36:41 (6017 turns).

ZARRMARR the Chopper (Hill Orc Fighter)             Turns: 6017, Time: 00:36:42

Health: 0/69       AC: 11    Str: 21    XL:     8   Next: 59%
Magic:  17/17      EV:  9    Int:  8    God:
Gold:   185        SH:  9    Dex: 10    Spells: 6/7 levels left

rFire    + . .     SeeInvis .   a - +2 hand axe (elec)
rCold    . . .     Faith    .   c - +0 kite shield
rNeg     . . .     Spirit   .   s - +2 ring mail {rF+}
rPois    .         Reflect  .   m - +2 helmet
rElec    .         Harm     .   (no cloak)
rCorr    .         Rampage  .   (no gloves)
Will     .....                  (no boots)
Stlth    ..........             (no amulet)
HPRegen  0.21/turn              l - ring of magical power
MPRegen  0.15/turn              (no ring)

@: lethally poisoned (0 -> -11), about to teleport
A: no striking features
a: no special abilities


You were on level 5 of the Dungeon.
You visited 1 branch of the dungeon, and saw 5 of its levels.

You collected 185 gold pieces.

Inventory:

Hand Weapons
 a - a +2 hand axe of electrocution (weapon)
 d - a +2 mace of protection
 q - a +2 dagger of venom
 v - a +4 flail
Missiles
 f - 123 stones
 t - a throwing net
 w - 2 boomerangs (quivered)
Armour
 c - a +0 kite shield (worn)
 m - a +2 helmet (worn)
 s - a +2 ring mail of fire resistance (worn)
 x - a +4 ring mail
Jewellery
 l - a ring of magical power (left hand)
Wands
 u - a wand of flame (22)
Scrolls
 b - a scroll of amnesia
 e - a scroll of teleportation
 i - 2 scrolls of fear
 j - a scroll of enchant armour
 n - a scroll of magic mapping
 r - a scroll of immolation
Potions
 g - 3 potions of brilliance
 h - a potion of heal wounds {unknown}
 k - a potion of flight {unknown}
 o - a potion of haste
 p - 2 potions of ambrosia {unknown}


   Skills:
 + Level 5.6 Fighting
 + Level 7.5 Axes
 + Level 4.5 Throwing
 + Level 5.3 Armour
 + Level 1.9 Dodging
 + Level 4.7 Shields
 + Level 0.2 Spellcasting
 + Level 0.5 Hexes


You had 6 spell levels left.
You knew the following spells:

 Your Spells              Type           Power      Damage    Failure   Level
a - Corona                Hex            0%         N/A       90%         1

Your spell library contained the following spells:

 Spells                   Type           Power      Damage    Failure   Level
 Ensorcelled Hibernation  Hex/Ice        0%         N/A       98%         2
 Tukima's Dance           Hex            0%         N/A       99%         3


Dungeon Overview and Level Annotations

Branches:
Dungeon (5/15)
 Temple: D:4-7

Altars:

Shops:
D:2 !   D:4 (:   D:5 !


Message History

You miss the killer bee.
You feel very sick. You block the killer bee's attack.
The killer bee barely misses you. The killer bee stings you.
You are more poisoned.
The killer bee poisons you! You block the killer bee's attack.
Cleave: a) +2 hand axe (elec)
Press: ? - help, Dir - move target, f/p - killer bee
Aim: a killer bee (heavily wounded, about 60% to evade your +2 hand axe of electrocution)
You miss the killer bee.
The killer bee is heavily wounded.
You hit the killer bee.
You feel very sick. The killer bee closely misses you.
The killer bee stings you but does no damage.
The killer bee barely misses you. x2
Cleave: a) +2 hand axe (elec)
Press: ? - help, Dir - move target, f/p - killer bee
Aim: a killer bee (heavily wounded, about 60% to evade your +2 hand axe of electrocution)
You miss the killer bee.
The killer bee is heavily wounded.
You miss the killer bee.
You feel very sick. You block the killer bee's attack.
The killer bee stings you but does no damage. x2
The killer bee barely misses you. The killer bee stings you.
* * * LOW HITPOINT WARNING * * *
You block the killer bee's attack.
As you read the scroll of teleportation, it crumbles to dust.
You feel strangely unstable.
You feel sick. The killer bee stings you.
* * * LOW HITPOINT WARNING * * *
You block the killer bee's attack. The killer bee stings you.
* * * LOW HITPOINT WARNING * * *
You are more poisoned.
The killer bee poisons you! The killer bee closely misses you.
* * * LOW HITPOINT WARNING * * *
You feel very sick.
The killer bee stings you but does no damage.
The killer bee stings you.
You die...

##### ###...#
#...⌠.#
####.#...#
#....##@##
##.###.yy#
##########..#
#.⌠...⌠...⌠
............#
#...#...#..
##########..#
##.###.## ##
#..# ... ..#
.# #..# #.⌠.
... .# #...
#... #.. .#
##.##### ##


You could see 2 killer bees.

Vanquished Creatures
  A water moccasin (D:3)
  A black bear (D:4)
  An ice beast (D:5)
  A sky beast (D:5)
  A necrophage (D:5)
  A phantom (D:5)
  2 wyvern skeletons (D:5)
  A killer bee (D:5)
  A howler monkey (D:5)
  A bullfrog zombie (D:5)
  2 hounds (D:5)
  A jelly (D:5)
  A centaur skeleton (D:5)
  6 iguanas
  Natasha (D:2)
  A killer bee zombie (D:5)
  2 hound skeletons
  Robin (D:2)
  4 gnolls (D:5)
  A howler monkey skeleton (D:4)
  5 adders
  4 worms
  7 orcs
  5 ball pythons
  4 endoplasms
  5 giant cockroaches
  5 hobgoblins
  8 jackals
  5 bats
  2 frilled lizards
  10 goblins
  10 kobolds
  5 rats
106 creatures vanquished.

Vanquished Creatures (others)
  2 plants (D:1)
2 creatures vanquished.

Grand Total: 108 creatures vanquished

Notes
Turn   | Place    | Note
-------+----------+-------------------------------------------
     0 | D:1      | ZARRMARR the Hill Orc Fighter began the quest for the Orb.
     0 | D:1      | Reached XP level 1. HP: 19/19 MP: 1/1
   413 | D:1      | Reached XP level 2. HP: 24/27 MP: 2/2
   587 | D:1      | Reached skill level 3 in Axes
  1055 | D:2      | Reached XP level 3. HP: 32/33 MP: 3/3
  1125 | D:2      | Noticed Robin
  1393 | D:2      | Killed Robin
  1560 | D:2      | Reached XP level 4. HP: 32/40 MP: 4/4
  1751 | D:2      | Reached skill level 1 in Throwing
  2021 | D:2      | Found Dighu's Distillery.
  2359 | D:2      | Found a faded altar of an unknown god.
  2539 | D:2      | Noticed Natasha
  2550 | D:2      | Killed Natasha
  2551 | D:2      | Reached skill level 4 in Axes
  2817 | D:3      | Learned a level 1 spell: Corona
  2919 | D:3      | Reached XP level 5. HP: 46/46 MP: 5/5
  3182 | D:3      | Noticed a water moccasin
  3199 | D:3      | Killed a water moccasin
  3200 | D:3      | Reached XP level 6. HP: 25/53 MP: 6/6
  3925 | D:4      | Found Nimata's Book Shop.
  3956 | D:4      | Noticed a black bear
  3964 | D:4      | Killed a black bear
  3965 | D:4      | Reached skill level 5 in Axes
  4092 | D:4      | Reached XP level 7. HP: 54/60 MP: 7/7
  4348 | D:4      | Found Roussuuxo's Weapon Boutique.
  4947 | D:5      | Entered Level 5 of the Dungeon
  5007 | D:5      | Reached skill level 1 in Dodging
  5182 | D:5      | Reached skill level 6 in Axes
  5184 | D:5      | Reached skill level 5 in Fighting
  5314 | D:5      | Reached XP level 8. HP: 68/68 MP: 8/8
  5416 | D:5      | Reached skill level 7 in Axes
  5416 | D:5      | Reached skill level 5 in Armour
  5548 | D:5      | Found Rurche's Distillery.
  6017 | D:5      | HP: 3/69 [poisoned by a killer bee]
  6017 | D:5      | Slain by a killer bee

Illustrated notes

Levels and vault maps discovered:
D:1:      denvon_arrival_planthouse, layout_basic
D:2:      layout_loops_corners, dreamdust_ecumenical_altar_sealed_demon,
          serial_shops, nicolae_shop_trees, uniq_natasha, uniq_robin
D:3:      layout_basic
D:4:      layout_basic, serial_shops, shop, nicolae_inconvenience_store
D:5:      layout_basic, minmay_temple_entry_nine_rooms, serial_shops,
          nicolae_take_the_stairs, kennysheep_cluttered_room,
          kennysheep_cross_bottleneck, minmay_checkerbox

Skill      XL: |  1  2  3  4  5  6  7  8 |
---------------+-------------------------+-----
Axes           | 3 4 5 6 7 |  7.5
Fighting       | 4 5 |  5.6
Throwing       | 1 2 3 4 |  4.5
Armour         | 4 5 |  5.3
Shields        | 4 |  4.7
Dodging        | 1 |  1.9
Spellcasting   | |  0.2
Hexes          | |  0.5

Action                   |  1- 3 |  4- 6 |  7- 9 || total
-------------------------+-------+-------+-------++-------
Melee: War axe           |    77 |       |       ||    77
       Hand axe          |       |    86 |   108 ||   194
       Mace              |       |    15 |    10 ||    25
Throw: Stone             |    52 |   100 |    30 ||   182
       Boomerang         |       |       |    20 ||    20
  Use: Scroll            |     3 |     1 |     4 ||     8
       Potion            |     1 |       |       ||     1
Armor: Scale mail        |    31 |    36 |       ||    67
       Ring mail         |       |     1 |    62 ||    63
Dodge: Dodged            |    27 |    26 |    44 ||    97
Block: Kite shield       |    29 |    37 |    50 ||   116
